 Dungeon Crawl Stone Soup version 0.19.1 (webtiles) character file.

60 w00t the Caller (level 3, 0/29 HPs)
             Began as a Draconian Summoner on Dec 24, 2016.
             Slain by an orc
             ... wielding a +0 flail
              (4 damage)
             ... on level 3 of the Dungeon.
             The game lasted 00:04:19 (2456 turns).

w00t the Caller (Draconian Summoner)                Turns: 2456, Time: 00:04:19

Health: 0/29       AC:  6    Str: 10    XL:     3   Next: 80%
Magic:  6/6        EV: 13    Int: 16    God:
Gold:   126        SH:  0    Dex: 11    Spells: 1 memorised, 5 levels left

rFire  . . .     SeeInvis .     n - +0 dagger
rCold  . . .     Gourm    .     (armour unavailable)
rNeg   . . .     Faith    .     (no shield)
rPois  .         Spirit   .     (helmet restricted)
rElec  .         Reflect  .     (no cloak)
rCorr  .         Harm     .     (no gloves)
MR     .....     Rnd*Tele +     s - +0 pair of boots
Stlth  ++........               (no amulet)
                                (no ring)
                                u - ring of teleportation (curse)

@: no status effects
A: unfitting armour, cold-blooded, AC +5
a: no special abilities


You were on level 3 of the Dungeon.
You were full.

You visited 1 branch of the dungeon, and saw 3 of its levels.

You collected 126 gold pieces.

Inventory:

Hand Weapons
 n - a +0 dagger (weapon)
Missiles
 j - 62 stones (quivered)
Armour
 s - a +0 pair of boots (worn)
Jewellery
 u - a cursed ring of teleportation (left hand)
Scrolls
 c - a scroll of enchant armour {unknown}
 d - 2 scrolls of teleportation {unknown}
 e - a scroll of fog {unknown}
 f - 5 scrolls of identify {unknown}
 h - 2 scrolls of remove curse {unknown}
 m - a scroll of fear {unknown}
 p - 2 scrolls of noise {unknown}
 r - a scroll of immolation {unknown}
 v - a scroll of amnesia {unknown}
Potions
 g - a potion of cure mutation {unknown}
 i - a potion of curing {unknown}
 k - a potion of resistance {unknown}
 l - 2 potions of mutation {unknown}
 q - a potion of invisibility {unknown}
Books
 a - a book of Callings

   Spells                             Type                      Level
   a - Summon Small Mammal            Summoning                    1
   b - Call Imp                       Summoning                    2
   c - Call Canine Familiar           Summoning                    3
   d - Summon Guardian Golem          Hexes/Summoning              3
   e - Summon Lightning Spire         Summoning/Air                4
   f - Summon Ice Beast               Ice/Summoning                4
Comestibles
 b - 2 bread rations
 o - a meat ration
 t - a royal jelly


   Skills:
 + Level 1.9 Fighting
 * Level 3.3 Dodging
 - Level 1.7 Stealth
 - Level 2.0 Spellcasting
 - Level 4.0 Summonings


You had 5 spell levels left.
You knew the following spells:

 Your Spells              Type           Power        Failure   Level  Hunger
a - Summon Small Mammal   Summ           ##..         4%          1    #......


Dungeon Overview and Level Annotations

Branches:
Dungeon (3/15)

Altars:


Innate Abilities, Weirdness & Mutations

Your plain brown scales are hard. (AC +5)
You cannot fit into any form of body armour.
You are cold-blooded and may be slowed by cold attacks.


Message History

You hit the orc but do no damage.
The orc is heavily wounded.
The orc misses you.
You hit the orc but do no damage.
The orc is heavily wounded.
The orc barely misses you.
You hit the orc but do no damage.
The orc is heavily wounded.
The orc misses you.
You hit the orc but do no damage.
The orc is heavily wounded.
The orc hits you with a flail.
The orc priest calls down the wrath of Beogh upon you.
Beogh smites you!
Ouch! That really hurt!
* * * LOW HITPOINT WARNING * * *
You hit the orc.
The orc is severely wounded.
The orc hits you with a flail.
You die...

#.# #. #.# #. #.# #. ##
#.# #. .# #.# #. .# #.#
#. .##.# #.# #.
###########....# #.####.
...oooo@.?.# #.#....
##########.#######.#.###
................#.#
.....##.#####.....# ....
#.# #.##### ... #.# #.#
.. ..# #.# . ### #.# #.#


You could see an orc priest, an orc wizard and 2 orcs.

Vanquished Creatures
  2 adders (D:2)
  A worm (D:2)
  2 dart slugs (D:1)
  2 leopard geckos
  2 giant cockroaches
  4 goblins
  5 hobgoblins
  2 jackals (D:1)
  2 quokkas (D:2)
  A ball python (D:1)
  2 bats
  3 kobolds (D:1)
  5 rats
33 creatures vanquished.

Notes
Turn   | Place    | Note
-------+----------+-------------------------------------------
     0 | D:1      | w00t the Draconian Summoner began the quest for the Orb.
     0 | D:1      | Reached XP level 1. HP: 14/14 MP: 3/3
   533 | D:1      | Reached XP level 2. HP: 12/22 MP: 5/5
  1104 | D:1      | Reached skill level 1 in Fighting
  1461 | D:2      | Reached XP level 3. HP: 28/28 MP: 6/6
  2456 | D:3      | Slain by an orc

Skill      XL: |  1  2  3 |
---------------+----------+-----
Dodging        | 2 3 |  3.3
Fighting       | 1 |  1.9
Stealth        | |  1.7
Spellcasting   | |  2.0
Summonings     | |  4.0

Action                   || total
-------------------------++-------
Melee: Unarmed           ||    31
       Tailslap          ||    12
       Dagger            ||   169
       Short sword       ||    23
 Stab: Sleeping          ||     2
       Distracted        ||     2
  Eat: Pizza             ||     1
       Chunk             ||     3
       Meat ration       ||     1
Armor: Skin              ||    64
Dodge: Dodged            ||   153
